 Dungeon Crawl Stone Soup version 0.26-a0-665-gefeb406119 (webtiles) character file.

Game seed: 2395162395372056601

223 snetch the Chopper (level 6, -7/53 HPs)
             Began as a Hill Orc Monk on Oct 15, 2020.
             Mangled by an ogre
             ... wielding a +0 giant club
              (11 damage)
             ... on level 6 of the Dungeon.
             The game lasted 00:06:28 (2994 turns).

snetch the Chopper (Hill Orc Monk)                  Turns: 2994, Time: 00:06:28

Health: -7/53      AC:  4    Str: 16    XL:     6   Next: 0%
Magic:  6/6        EV: 13    Int: 10    God:
Gold:   219        SH:  0    Dex: 13    Spells: 5/5 levels left

rFire    . . .     SeeInvis .   a - +0 hand axe (vorpal)
rCold    + . .     Faith    .   (no shield)
rNeg     . . .     Spirit   .   j - +0 robe
rPois    .         Reflect  .   (no helmet)
rElec    .         Harm     .   c - +0 cloak
rCorr    .         Rampage  .   d - +0 pair of gloves
MR       .....                  (no boots)
Stlth    +.........             (no amulet)
HPRegen  0.17/turn              k - ring of protection from cold
MPRegen  0.10/turn              s - ring of attention (curse)

@: no status effects
A: no striking features
a: no special abilities


You were on level 6 of the Dungeon.
You visited 1 branch of the dungeon, and saw 5 of its levels.

You collected 219 gold pieces.

Inventory:

Hand Weapons
 a - a +0 vorpal hand axe (weapon)
 v - a +0 arbalest
Missiles
 f - 130 stones
 h - 14 sling bullets
 l - 4 javelins (quivered)
 o - 38 arrows
 p - 94 bolts
Armour
 c - a +0 cloak (worn)
 d - a +0 pair of gloves (worn)
 j - a +0 robe (worn)
Jewellery
 k - a ring of protection from cold (left hand)
 s - a cursed ring of attention (right hand)
 u - an uncursed ring of stealth
Scrolls
 e - 3 scrolls of amnesia
 i - 2 scrolls of fog {unknown}
 q - 2 scrolls of remove curse {unknown}
 r - a scroll of fear {unknown}
 t - 2 scrolls of identify {unknown}
 x - 2 scrolls of teleportation {unknown}
Potions
 b - a potion of cancellation {unknown}
 g - 3 potions of lignification
 m - a potion of heal wounds {unknown}
 n - 2 potions of curing
 w - a potion of mutation {unknown}
 z - a potion of might {unknown}


   Skills:
 + Level 4.4 Fighting
 + Level 6.4 Axes
 + Level 3.7 Dodging
 + Level 2.0 Stealth


You had 5 spell levels left.
You didn't know any spells.
Your spell library was empty.

Dungeon Overview and Level Annotations

Branches:
Dungeon (7/15)
 Temple: D:4-7

Altars:
Dithmenos
Wu Jian


Message History

The sky beast barely misses you.
You closely miss the sky beast.
The sky beast is moderately wounded.
The sky beast hits you but does no damage.
You closely miss the sky beast.
The sky beast is moderately wounded.
The ogre shouts!
The sky beast closely misses you.
You barely miss the sky beast.
The sky beast is moderately wounded.
The sky beast hits you.
* * * LOW HITPOINT WARNING * * *
The sky beast shocks you.
* * * LOW HITPOINT WARNING * * *
You closely miss the sky beast.
The sky beast is moderately wounded.
You hit the ogre but do no damage.
The sky beast hits you but does no damage.
The ogre hits you with a +0 giant club!
You die...

#..##.# ##.##.#
...... #.##.#
...... #..#.#
...... ##.#.#
...... #...#
##.... ##..#
#... #..#####.#
# ##>..@Y..#.#
#..#.O..†.#
#..#..........#
#..#......#####
#..#......#
#..#......#
...########
##.#


You could see a sky beast and an ogre.

Vanquished Creatures
  A scorpion (D:2)
  A hound (D:6)
  Jessica (D:2)
  A killer bee zombie (D:3)
  2 adders (D:2)
  A white imp (D:6)
  An ooze (D:1)
  An adder skeleton (D:2)
  2 worms (D:2)
  A dart slug (D:1)
  A leopard gecko (D:2)
  An orc (D:6)
  A ball python (D:1)
  12 bats
  4 giant cockroaches
  3 goblins
  8 hobgoblins
  4 frilled lizards
  10 kobolds
  A quokka zombie (D:6)
  A rat (D:1)
58 creatures vanquished.

Notes
Turn   | Place    | Note
-------+----------+-------------------------------------------
     0 | D:1      | snetch the Hill Orc Monk began the quest for the Orb.
     0 | D:1      | Reached XP level 1. HP: 19/19 MP: 1/1
   125 | D:1      | Reached XP level 2. HP: 25/27 MP: 2/2
   456 | D:1      | Reached XP level 3. HP: 33/33 MP: 3/3
  1201 | D:2      | Found an ornate altar of the Wu Jian Council.
  1370 | D:2      | Reached skill level 5 in Axes
  1753 | D:2      | Noticed Jessica
  1762 | D:2      | Killed Jessica
  1762 | D:2      | Reached XP level 4. HP: 39/40 MP: 4/4
  2286 | D:2      | Reached XP level 5. HP: 5/47 MP: 5/5
  2743 | D:3      | You fall into a shaft and drop 3 floors!
  2744 | D:6      | Found a shadowy altar of Dithmenos.
  2750 | D:6      | Reached skill level 6 in Axes
  2862 | D:6      | Noticed an ogre
  2979 | D:6      | Noticed a sky beast
  2990 | D:6      | Reached XP level 6. HP: 9/53 MP: 6/6
  2994 | D:6      | Mangled by an ogre

Illustrated notes

Levels and vault maps discovered:
D:1:      dpeg_arrival_stone_temple_mockup, layout_loops_ring,
          minmay_tetromino_o2
D:2:      layout_basic, old_standard_altar, minmay_divided_ellipse, uniq_jessica
D:3:      kb_forest_paths, layout_basic, overflow_temple_1_default,
          minmay_misc_feat_secret_circle, grunt_ministairs_3,
          kennysheep_pointless_box, minmay_stone_trees_small, skrybe_limestone_x
D:6:      layout_basic, nicolae_dithmenos_shadow_blocks
D:7:      layout_loops_cross, chequers_temple_overflow_statue_of_worship,
          gammafunk_temple_overflow_forgotten, nicolae_zen_rock_garden,
          chequers_serial_rivers_micro_c, uniq_prince_ribbit1

Skill      XL: |  1  2  3  4  5 |
---------------+----------------+-----
Fighting       | 4 |  4.4
Axes           | 5 6 |  6.4
Dodging        | 3 |  3.7
Stealth        | 2 |  2.0

Action                   |  1- 3 |  4- 6 || total
-------------------------+-------+-------++-------
Melee: Hand axe          |   102 |    86 ||   188
       Dagger            |     6 |       ||     6
Throw: Javelin           |       |     1 ||     1
  Use: Potion            |       |     2 ||     2
       Scroll            |       |     1 ||     1
 Stab: Sleeping          |     3 |     3 ||     6
Armor: Robe              |    17 |    18 ||    35
       Skin              |       |     4 ||     4
Dodge: Dodged            |    77 |    55 ||   132

Table legend: (Time is in decaauts)
 A = Elapsed time spent in this place.
 B = Non-inter-level travel time spent in this place.
 C = Inter-level travel time spent in this place.
 D = Time resting spent in this place.
 E = Time spent auto-exploring this place.
 F = Levels seen in this place.
 G = Mean time per level.
                   A        B        C        D        E       F      G
               +--------+--------+--------+--------+--------+-----+--------+
         Total |   3006 |   2884 |    122 |    607 |   1541 |   5 |  601.2 |
       Dungeon |   3006 |   2884 |    122 |    607 |   1541 |   5 |  601.2 |
               +--------+--------+--------+--------+--------+-----+--------+

Top non-repeatable levels by time:
     D:2: 1702 daAuts
     D:1: 998 daAuts
     D:6: 246 daAuts
     D:3: 55 daAuts
     D:7: 4 daAuts
